 Dungeon Crawl Stone Soup version 0.30-a0-465-g8901f6c8b5 (webtiles) character file.

Game seed: 8168866420456251247

7100 GiantSquids the Destroyer (level 10, -10/39 HPs)
             Began as a Deep Elf Conjurer on Dec 18, 2022.
             Was a Believer of Sif Muna.
             Mangled by a large abomination (12 damage)
             ... on level 3 of the Abyss.
             The game lasted 00:29:00 (9522 turns).

GiantSquids the Destroyer (Deep Elf Conjurer)       Turns: 9522, Time: 00:29:00

Health: -10/39     AC: 13    Str:  8    XL:     10   Next: 84%
Magic:  5/20       EV: 12    Int: 31    God:    Sif Muna [**....]
Gold:   600        SH:  0    Dex: 13    Spells: 7/28 levels left

rFire   + . .      SeeInvis +    o - +10 dagger of Exchange {vorpal, *Rage Str+4 Int+3}
rCold   . . .      Faith    .    (no shield)
rNeg    . . .      Spirit   .    F - +0 steam dragon scales
rPois   .          Reflect  .    O - +2 helmet {SInv}
rElec   .          Harm     .    (no cloak)
rCorr   .          Rampage  .    y - +0 pair of gloves
Will    +....      Rage     20%  B - +2 pair of boots
Stlth   ++........               (no amulet)
HPRegen 0.00/turn                M - ring of protection from fire
MPRegen 0.17/turn                n - +4 ring of protection

@: channelling, sick, unable to read, unable to drink
A: [deformed body], [frail 3], [low MP 2], [no potion heal 2], [inability to
drink after injury 2], [inability to read after injury 2]
a: Renounce Religion, Channel Magic


You were on level 3 of the Abyss.
You worshipped Sif Muna.
Sif Muna was pleased with you.
You visited 2 branches of the dungeon, and saw 10 of its levels.
You visited the Abyss 1 time.
You also visited: Sewer.

You collected 600 gold pieces.

Inventory:

Hand Weapons
 o - the +10 dagger of Exchange (weapon) {vorpal, *Rage Str+4 Int+3}
   (You found it on level 2 of the Dungeon)

   It inflicts extra damage upon your enemies.
   Str:       It affects your strength (+4).
   Int:       It affects your intelligence (+3).
   *Rage:     It berserks you when you make melee attacks (+20% chance).
 J - the +8 hand axe of the Disturbing Friars {protect, MP+9 Dex+3}
   (You took it off an orc on level 6 of the Dungeon)

   It grants its wielder temporary protection when it strikes (+7 to AC).
   Dex:       It affects your dexterity (+3).
   MP:        It affects your magic capacity (+9).
Armour
 u - a +0 troll leather armour {Pargi}
 y - a +0 pair of gloves (worn)
 B - a +2 pair of boots (worn)
 F - +0 steam dragon scales (worn)
 O - a +2 helmet of see invisible (worn)
Jewellery
 h - a ring of see invisible
 n - a +4 ring of protection (right hand)
 z - a ring of fire
 M - a ring of protection from fire (left hand)
 N - a ring of flight
Wands
 a - a wand of flame (20)
 A - a wand of iceblast (14)
 E - a wand of digging (6)
 G - a wand of mindburst (10)
 H - a wand of polymorph (8)
 P - a wand of charming (3)
Scrolls
 c - 11 scrolls of identify {unknown}
 d - 4 scrolls of teleportation {unknown}
 f - 4 scrolls of fog {unknown}
 i - a scroll of fear {unknown}
 m - 3 scrolls of vulnerability {unknown}
 p - a scroll of noise {unknown}
 q - 2 scrolls of blinking {unknown}
 s - 3 scrolls of amnesia {unknown}
 v - a scroll of summoning {unknown}
 w - 2 scrolls of enchant armour {unknown}
 x - 2 scrolls of immolation {unknown}
 K - a scroll of torment {unknown}
 Q - 3 scrolls of magic mapping {unknown}
Potions
 b - a potion of magic
 e - a potion of invisibility {unknown}
 g - 4 potions of degeneration {unknown}
 j - 4 potions of lignification {unknown}
 k - 3 potions of attraction {unknown}
 l - 4 potions of curing {unknown}
 r - 3 potions of heal wounds {unknown}
 t - a potion of berserk rage
 C - a potion of resistance {unknown}
 D - a potion of brilliance {unknown}
 I - a potion of cancellation {unknown}
 L - a potion of haste {unknown}
 R - 2 potions of mutation {unknown}
 S - a potion of might {unknown}


   Skills:
 + Level 3.9 Fighting
 - Level 2.4 Dodging
 - Level 2.4 Stealth
 + Level 9.6 Spellcasting
 * Level 11.6 Conjurations
 + Level 9.5 Hexes
 - Level 4.9 Translocations
 + Level 5.2 Fire Magic
 * Level 3.0 Invocations


You had 7 spell levels left.
You knew the following spells:

 Your Spells              Type           Power      Damage    Failure   Level
a - Magic Dart            Conj           100%       1d8       1%          1
b - Searing Ray           Conj           100%       2d8       1%          2
c - Iskenderun's Mystic   Conj/Tloc      61%        2d13      1%          4
d - Fulminant Prism       Conj/Hex       34%        3d16      1%          4
e - Fireball              Conj/Fire      30%        3d13      3%          5
f - Iskenderun's Battles  Conj           72%        2d12      1%          5

Your spell library contained the following spells:

 Spells                   Type           Power      Damage    Failure   Level
 Kiss of Death            Conj/Necr      100%       2d13      1%          1
 Confusing Touch          Hex            65%        N/A       1%          3
 Dazzling Flash           Conj/Hex       100%       N/A       1%          3
 Inner Flame              Hex/Fire       57%        N/A       1%          3
 Flame Wave               Conj/Fire      61%        2d14      1%          4
 Sticky Flame             Conj/Fire      61%        2d8       1%          4
 Manifold Assault         Tloc           45%        N/A       4%          4
 Sublimation of Blood     Necr           14%        N/A       5%          2
 Irradiate                Conj/Tmut      25%        3d20      9%          5
 Dispel Undead            Necr           14%        3d10      34%         4
 Petrify                  Tmut/Erth      14%        N/A       34%         4
 Iron Shot                Conj/Erth      25%        9d5       43%         6
 Dispersal                Tloc           22%        N/A       56%         6
 Spellforged Servitor     Conj/Summ      25%        N/A       95%         7
 Disjunction              Tloc           22%        N/A       100%        8


Dungeon Overview and Level Annotations

Branches:
Dungeon (9/15)             Temple (1/1) D:7           Sewer (visited)
   Lair: D:8-11         Orc: D:9-12

Altars:
Ashenzari
Dithmenos
Fedhas
Gozag
Hepliaklqana
Kikubaaqudgha
Nemelex Xobeh
Ru
Sif Muna
Trog
Uskayaw
Vehumet
Zin
The Shining One

Annotations:
D:5 2 transporters, GiantSquids's ghost, amateur DECj
D:9 Erolcha


Innate Abilities, Weirdness & Mutations

[Armour fits poorly on your strangely shaped body.]
[You are extremely frail. (-30% HP)]
[Your magical capacity is very low. (-20% MP)]
[Potions cannot restore your health.]
[You sometimes lose the ability to drink potions when taking damage.]
[You sometimes lose the ability to read scrolls when taking damage.]


Message History

The ancient zyme hits you but does no damage.
The ancient zyme hits you!
You feel threatened and lose the ability to read scrolls!
You feel threatened and lose the ability to drink potions!
* * * LOW HITPOINT WARNING * * *
A spriggan defender zombie comes into view.
You cannot read scrolls in your current state!
You cannot drink potions in your current state!
A large abomination comes into view.
You can drink potions again.
You feel ill.
A raiju comes into view.
The ancient zyme attacks as you move away!
The ancient zyme closely misses you. x2
A lorocyproca comes into view.
The spriggan defender zombie hits you.
You feel threatened and lose the ability to drink potions!
* * * LOW HITPOINT WARNING * * *
The raiju barks!
You hear a bark!
Casting: Fireball (quite dangerous; 3% risk of failure)
Confirm with . or Enter, or press ? or * to list all spells.
You erupt in a blast of force!
The mystic blast hits the large abomination!
The large abomination is moderately damaged.
The mystic blast hits the spriggan defender zombie!
The spriggan defender zombie is lightly damaged.
The spriggan defender zombie is knocked back by the mystic blast.
The spriggan defender zombie slams into the rock wall!
The spriggan defender zombie is lightly damaged.
You can read scrolls again.
You hear a bark!
You hear a shout!
The great orb of eyes pulsates ominously.
You feel ill.
You cannot drink potions in your current state!
You can drink potions again.
The spriggan defender zombie hits you but does no damage.
The large abomination hits you!
You feel threatened and lose the ability to read scrolls!
You feel threatened and lose the ability to drink potions!
You die...

. . . ## #.#.#...#
..#..#....##
..#.#.#.#..## ##
.........⌠# #.
#.#.#.#.#.# φ
#.###..... ...#### .
#..##.# .##...#@X## #
#.. #.. .....xZ...#
.##..#.#.#...#.#.#.2...
. .
.#...#.......#..#....##
#.
.........#.#.##.#..##
##.######.###.#h# #..##
#.#....#. .#.#.# .##
.#... . #.#.#.# # ##G .
......#.#h


You could see a lorocyproca (invisible), an ancient zyme, a large abomination, a
raiju and a spriggan defender zombie.

Vanquished Creatures
  2 two-headed ogres (D:7)
  A deep elf pyromancer (D:7)
  An unseen horror (D:6)
  A slime creature (D:7)
  Sigmund (D:3)
  A wyvern (D:7)
  4 steam dragons
  Menkaure (D:6)
  A water moccasin (D:8)
  4 orc warriors
  Pargi (Sewer)
  2 ice beasts
  2 black bears
  3 ogres
  2 centaurs
  A phantom (D:7)
  Blork the orc (D:6)
  4 bullfrogs
  3 scorpions
  6 wights
  12 killer bees (D:8)
  5 electric eels (D:8)
  3 howler monkeys (D:7)
  4 orc priests
  5 hounds
  5 jellies
  A gnoll bouda (D:7)
  7 orc wizards
  3 iguanas
  6 adders
  10 gnolls
  A river rat (D:3)
  3 shadow imps
  4 white imps
  2 worms
  4 dart slugs
  26 orcs
  5 ball pythons
  11 bats
  9 endoplasms
  5 giant cockroaches
  10 goblins
  5 hobgoblins
  7 quokkas
  7 frilled lizards
  4 kobolds
  10 rats
  A starspawn tentacle (Abyss:3)
217 creatures vanquished.

Vanquished Creatures (others)
  3 orcs
  36 fulminant prisms
  63 plants
  6 starspawn tentacles (Abyss:3)
  A withered plant (D:8)
109 creatures vanquished.

Grand Total: 326 creatures vanquished

Notes
Turn   | Place    | Note
-------+----------+-------------------------------------------
     0 | D:1      | GiantSquids the Deep Elf Conjurer began the quest for the
                  | Orb.
     0 | D:1      | Reached XP level 1. HP: 10/10 MP: 6/6
   130 | D:1      | Reached skill level 1 in Hexes
   142 | D:1      | Reached XP level 2. HP: 14/15 MP: 0/8
   259 | D:1      | Learned a level 2 spell: Searing Ray
   975 | D:2      | Reached skill level 1 in Translocations
   991 | D:2      | Reached XP level 3. HP: 19/19 MP: 6/9
  1087 | D:2      | Identified the +10 dagger of Exchange {vorpal, *Rage Str+4
                  | Int+3}
  1792 | D:3      | Reached skill level 5 in Conjurations
  1792 | D:3      | Reached XP level 4. HP: 24/24 MP: 6/11
  2045 | D:3      | Found a glowing drain.
  2051 | Sewer    | Entered a sewer
  2125 | Sewer    | Noticed Pargi
  2135 | Sewer    | Killed Pargi
  2136 | Sewer    | Reached XP level 5. HP: 23/28 MP: 3/13
  2307 | D:3      | Noticed Sigmund
  2315 | D:3      | Killed Sigmund
  2316 | D:3      | Reached skill level 6 in Conjurations
  2316 | D:3      | Reached XP level 6. HP: 29/32 MP: 4/15
  2698 | D:3      | Reached skill level 5 in Hexes
  2945 | D:3      | Found a bloodstained altar of Trog.
  3217 | D:4      | Reached skill level 5 in Spellcasting
  3217 | D:4      | Reached XP level 7. HP: 36/36 MP: 12/16
  4079 | D:5      | Entered Level 5 of the Dungeon
  4298 | D:5      | Found a transporter.
  4298 | D:5      | Found a transporter.
  4311 | D:5      | Noticed GiantSquids's ghost (amateur DECj)
  4339 | D:5      | Learned a level 4 spell: Iskenderun's Mystic Blast
  4344 | D:5      | Learned a level 4 spell: Fulminant Prism
  4412 | D:5      | Reached skill level 7 in Conjurations
  4671 | D:5      | Reached XP level 8. HP: 41/41 MP: 4/18
  4968 | D:6      | Noticed Blork the orc
  4971 | D:6      | Killed Blork the orc
  5129 | D:6      | Noticed an unseen horror
  5135 | D:6      | Killed an unseen horror
  5136 | D:6      | Reached skill level 8 in Conjurations
  5304 | D:6      | Noticed Menkaure
  5311 | D:6      | Killed Menkaure
  5343 | D:6      | Reached XP level 9. HP: 33/45 MP: 2/21
  5472 | D:6      | Got the Compendium of Blows and Bruises
  5623 | D:6      | Found a sacrificial altar of Ru.
  5755 | D:6      | Identified the +8 hand axe of the Disturbing Friars
                  | {protect, MP+9 Dex+3}
  5844 | D:6      | You fall into a shaft and drop 1 floor!
  5849 | D:7      | Found a staircase to the Ecumenical Temple.
  5857 | Temple   | Entered the Ecumenical Temple
  5863 | Temple   | Became a worshipper of Sif Muna the Loreminder
  6007 | D:7      | Reached skill level 9 in Conjurations
  6007 | D:7      | Reached skill level 1 in Fire Magic
  6114 | D:7      | Reached skill level 1 in Fighting
  6202 | D:7      | Learned a level 5 spell: Fireball
  6767 | D:7      | Noticed a deep elf pyromancer
  6781 | D:7      | Killed a deep elf pyromancer
  6782 | D:7      | Reached skill level 10 in Conjurations
  6802 | D:7      | Noticed a two-headed ogre
  6817 | D:7      | Killed a two-headed ogre
  6817 | D:7      | Reached * piety under Sif Muna
  6818 | D:7      | Reached XP level 10. HP: 19/56 MP: 9/24
  6834 | D:7      | Learned a level 5 spell: Iskenderun's Battlesphere
  6946 | D:7      | Noticed a two-headed ogre
  6953 | D:7      | Killed a two-headed ogre
  7152 | D:7      | Reached skill level 11 in Conjurations
  7514 | D:7      | Found a glowing golden altar of the Shining One.
  7666 | D:7      | Found a hide-covered altar of Uskayaw.
  7988 | D:8      | Reached skill level 1 in Invocations
  8145 | D:8      | Reached skill level 5 in Fire Magic
  8357 | D:8      | Reached ** piety under Sif Muna
  8714 | D:8      | Found an ancient bone altar of Kikubaaqudgha.
  8927 | D:8      | Found a sparkling altar of Nemelex Xobeh.
  9300 | D:9      | Noticed Erolcha
  9303 | D:9      | Noticed a two-headed ogre
  9304 | Abyss:1  | Cast into level 1 of the Abyss (Erolcha)
  9330 | Abyss:1  | Found a corrupted altar of Lugonu.
  9343 | Abyss:1  | Noticed a rust devil
  9379 | Abyss:2  | Noticed a large abomination
  9408 | Abyss:2  | Noticed an apocalypse crab
  9462 | Abyss:3  | Noticed a tentacled starspawn
  9478 | Abyss:3  | Noticed a wretched star
  9479 | Abyss:3  | Noticed a great orb of eyes
  9518 | Abyss:3  | Noticed a large abomination
  9519 | Abyss:3  | Noticed a lorocyproca
  9522 | Abyss:3  | Mangled by a large abomination

Illustrated notes

Levels and vault maps discovered:
D:1:      onia_arrival_handbag, layout_basic, hangedman_decor_riveting
D:2:      layout_loops_ring
D:3:      cheibrodos_old_hovel, layout_rooms, trog_three_pillars_becter,
          gup_sewer_entry_spiral, st_stairs_2, uniq_sigmund
D:4:      layout_gridville, serial_bayou, serial_bayou_crossing,
          serial_bayou_pond_e, serial_bayou_pond_a, serial_bayou_lagoon_b
D:5:      layout_rooms, gammafunk_ghost_gnarly_gnolls
D:6:      layout_rooms, nicolae_ru_path_of_blood, kennysheep_generic_room_7,
          uniq_blork_the_orc, uniq_menkaure
D:7:      nzn_winding_woodlands_three_and_one [nzn_winding_woodlands_5x15_cabin,
          nzn_winding_woodlands_5x15_pathside_ponds,
          nzn_winding_woodlands_5x15_lazy_stream,
          nzn_winding_woodlands_center_triple_pond], layout_basic,
          lemuel_doored_altar, nicolae_uskayaw_suspiria,
          minmay_temple_entry_slanted
D:8:      layout_cave_pools, kiku_gazebo_garden_becter,
          nemelex_spade_bored_becter, serial_bayou, serial_bayou_ford_a,
          serial_bayou_pond_d, serial_bayou_pond_d, serial_bayou_pond_c,
          serial_bayou_shore_a, serial_bayou_lagoon_a
D:9:      layout_rooms, okawaru_ov_weapons_minmay, uniq_erolcha
Temple:   eino_narrow_crystal_temple
Abyss:3:  base: D:1, hangedman_classic_abyss_death,
          nicolae_abyss_rune_star_stuff, nicolae_abyss_rune_star_stuff

Skill      XL: |  1  2  3  4  5  6  7  8  9 10 |
---------------+-------------------------------+-----
Hexes          | 1 2 4 5 6 8 9 |  9.5
Translocations | 1 2 3 4 |  4.9
Conjurations   | 5 6 7 8 10 11 | 11.6
Spellcasting   | 4 5 6 8 9 |  9.6
Fire Magic     | 4 5 |  5.2
Fighting       | 3 |  3.9
Invocations    | 3 |  3.0
Dodging        | |  2.4
Stealth        | |  2.4

Action                   |  1- 3 |  4- 6 |  7- 9 | 10-12 || total
-------------------------+-------+-------+-------+-------++-------
Melee: Unarmed           |     4 |       |     1 |       ||     5
       Dagger            |     6 |    12 |    16 |       ||    34
 Cast: Magic Dart        |    71 |    66 |    87 |    39 ||   263
       Searing Ray       |     1 |     7 |    19 |     1 ||    28
       Fulminant Prism   |       |       |    26 |    10 ||    36
       Iskenderun's Myst |       |       |    18 |    14 ||    32
       Fireball          |       |       |       |    16 ||    16
       Iskenderun's Batt |       |       |       |     8 ||     8
Invok: Channel Magic     |       |       |       |     1 ||     1
  Use: Potion            |       |       |     1 |       ||     1
 Stab: Sleeping          |       |     3 |       |       ||     3
Armor: Robe              |    13 |    12 |    11 |       ||    36
       Steam dragon scal |       |       |    19 |    13 ||    32
Dodge: Dodged            |     7 |    14 |    41 |    13 ||    75

Table legend: (Time is in decaauts)
 A = Elapsed time spent in this place.
 B = Non-inter-level travel time spent in this place.
 C = Inter-level travel time spent in this place.
 D = Time resting spent in this place.
 E = Time spent auto-exploring this place.
 F = Levels seen in this place.
 G = Mean time per level.
                   A        B        C        D        E       F      G
               +--------+--------+--------+--------+--------+-----+--------+
         Total |   9708 |   9482 |    226 |    721 |   7239 |  14 |  693.4 |
       Dungeon |   9163 |   8942 |    221 |    611 |   7037 |   9 | 1018.1 |
        Temple |    125 |    120 |      5 |    110 |      0 |   1 |  125.0 |
         Abyss |    217 |    217 |      0 |      0 |     34 |   3 |   72.3 |
         Sewer |    201 |    201 |      0 |      0 |    168 |   1 |  201.0 |
               +--------+--------+--------+--------+--------+-----+--------+

Top non-repeatable levels by time:
     D:7: 2012 daAuts
     D:8: 1393 daAuts
     D:4: 1116 daAuts
     D:3: 1114 daAuts
     D:1: 965 daAuts
     D:6: 896 daAuts
     D:5: 858 daAuts
     D:2: 802 daAuts
   Sewer: 201 daAuts
  Temple: 125 daAuts
 Abyss:3: 83 daAuts
 Abyss:1: 67 daAuts
 Abyss:2: 65 daAuts
     D:9: 3 daAuts
